 Dungeon Crawl Stone Soup version 0.28-a0-1033-g1a2f33fa85 (webtiles) character file.

Game seed: 11433484122649783134

32966 tilp the Frost Mage (level 13, -2/57 (58) HPs)
             Began as a Felid Ice Elementalist on Dec 7, 2021.
             Was a High Priest of Ru.
             Slain by a troll (5 damage)
             ... led by an orc knight
             ... on level 2 of the Orcish Mines.
             The game lasted 01:00:45 (31471 turns).

tilp the Frost Mage (Felid Ice Elementalist)       Turns: 31471, Time: 01:00:46

HP:   -2/57 (58)    AC: 16    Str:  4    XL:     13   Next: 34%
MP:   6/26          EV: 22    Int: 21    God:    Ru [*****.]
Gold: 3202          SH:  0    Dex: 15    Spells: 3/28 levels left
                                        Lives: 0   Deaths: 3

rFire   + + .      SeeInvis +     - Unarmed
rCold   + . .      Faith    .   (shield unavailable)
rNeg    . . .      Spirit   .   (armour unavailable)
rPois   .          Reflect  .   (helmet unavailable)
rElec   .          Harm     .   (cloak unavailable)
rCorr   .          Rampage  .   (gloves unavailable)
Will    +....                   (boots unavailable)
Stlth   ++++......              B - amulet "Niobboz" {RegenMP rF+}
HPRegen 0.19/turn               j - +4 ring of protection
MPRegen 0.60/turn               u - ring of protection from fire

@: exhausted, ice-armoured, freezing walls, lightly drained, unable to read,
quick
A: very small, claws 1, fangs 3, see invisible, clumsy 1, speed 1, shaggy fur 3,
inability to read while threatened, inability to use devices, hated by all, no
poison magic, no translocations magic, no transmutations magic, stealthy paws,
no weapons or thrown items, no armour, multi-lived
a: Renounce Religion, Draw Out Power, Power Leap, Apocalypse


You were on level 2 of the Orcish Mines.
You worshipped Ru.
Ru was extremely pleased with you.
You visited 4 branches of the dungeon, and saw 20 of its levels.
You also visited: Sewer and Volcano.

You collected 4223 gold pieces.
You spent 1021 gold pieces at shops.

Inventory:

Jewellery
 a - a ring of ice
 j - a +4 ring of protection (left paw)
 l - a ring of fire
 n - a +6 ring of strength
 t - a ring of magical power
 u - a ring of protection from fire (right paw)
 w - a +6 ring of strength
 x - a +4 ring of protection
 y - a +4 ring of slaying
 B - the amulet "Niobboz" (around neck) {RegenMP rF+}
   (You found it on level 4 of the Lair of Beasts)

   [amulet of magic regeneration]

   It increases your rate of magic regeneration.
   rF:        It protects you from fire.
 C - a ring of positive energy
 D - a ring of protection from fire
Scrolls
 b - 8 scrolls of teleportation
 p - 5 scrolls of fear
 v - 2 scrolls of fog
 A - 4 scrolls of identify
 E - a scroll of amnesia
Potions
 c - 5 potions of brilliance
 d - a potion of invisibility
 e - 6 potions of mutation
 f - a potion of haste
 g - 4 potions of ambrosia
 h - 5 potions of might
 i - 9 potions of curing
 k - 2 potions of lignification
 m - 3 potions of heal wounds
 o - 3 potions of attraction
 q - a potion of flight
 r - a potion of cancellation
 s - a potion of berserk rage
 z - a potion of resistance


   Skills:
 - Level 8.0 Fighting
 - Level 10.0 Dodging
 - Level 10.0 Stealth
 - Level 10.0 Unarmed Combat
 - Level 8.0 Spellcasting
 + Level 12.3 Conjurations
 + Level 12.4 Ice Magic
 + Level 6.8 Earth Magic


You had 3 spell levels left.
You knew the following spells:

 Your Spells              Type           Power      Damage    Failure   Level
a - Iron Shot             Conj/Erth      24%        9d5       24%         6
b - Frozen Ramparts       Ice            100%       1d12      1%          3
c - Ozocubu's Armour      Ice            57%        N/A       1%          3
d - Hailstorm             Conj/Ice       57%        3d12      1%          4
e - Searing Ray           Conj           100%       2d8       1%          2
f - Ozocubu's Refrigerat  Ice            28%        4d10      38%         7

Your spell library contained the following spells:

 Spells                   Type           Power      Damage    Failure   Level
 Freeze                   Ice            100%       1d11      1%          1
 Magic Dart               Conj           100%       1d8       1%          1
 Static Discharge         Conj/Air       34%        N/A       1%          2
 Conjure Flame            Conj/Fire      34%        6-21      1%          3
 Pain                     Necr           32%        1d5       8%          1
 Slow                     Hex            32%        N/A       8%          1
 Corpse Rot               Necr/Air       16%        N/A       12%         2
 Confusing Touch          Hex            8%         N/A       24%         3
 Inner Flame              Hex/Fire       8%         N/A       24%         3
 Vampiric Draining        Necr           8%         2d6       24%         3
 Flame Wave               Conj/Fire      34%        2d7       6%          4
 Fulminant Prism          Conj/Hex       17%        3d11      6%          4
 Sticky Flame             Conj/Fire      34%        2d5       6%          4
 Lee's Rapid Deconstruct  Erth           18%        3d12*     13%         5
 Leda's Liquefaction      Hex/Erth       11%        N/A       19%         4
 Cause Fear               Hex            4%         N/A       61%         4
 Dispel Undead            Necr           8%         3d8       61%         4
 Agony                    Necr           8%         N/A       91%         5
 Discord                  Hex            4%         N/A       100%        8
 Ignition                 Fire           4%         3d4       100%        8
 Poisonous Vapours        Pois/Air       Unusable   N/A       N/A         2
 Ice Form                 Ice/Tmut       Unusable   N/A       N/A         4
 Animate Armour           Summ/Erth      Unusable   N/A       N/A         4
 Olgreb's Toxic Radiance  Pois           Unusable   N/A       N/A         4
 Simulacrum               Ice/Necr       Unusable   N/A       N/A         6
 Blade Hands              Tmut           Unusable   N/A       N/A         5
 Excruciating Wounds      Necr           Unusable   N/A       N/A         5
 Statue Form              Tmut/Erth      Unusable   N/A       N/A         6
 Summon Cactus Giant      Summ           Unusable   N/A       N/A         6
 Malign Gateway           Summ/Tloc      Unusable   N/A       N/A         7

Dungeon Overview and Level Annotations

Branches:
Dungeon (11/15)            Temple (1/1) D:5            Lair (6/6) D:10
  Swamp (0/4) Lair:3       Spider (0/4) Lair:3        Slime (0/5) Lair:5
    Orc (2/2) D:10            Elf (0/3) Orc:2         Sewer (visited)
Volcano (visited)

Altars:
Ashenzari
Cheibriados
Dithmenos
Elyvilon
Fedhas
Gozag
Hepliaklqana
Kikubaaqudgha
Makhleb
Nemelex Xobeh
Okawaru
Qazlal
Ru
Sif Muna
Trog
Uskayaw
Vehumet
Wu Jian
Xom
Yredelemnul
Zin
The Shining One
Beogh
Jiyva

Shops:
D:2 !   D:7 :   D:8 [   Orc:2 =[(


Innate Abilities, Weirdness & Mutations

You have sharp claws.
You have razor-sharp teeth.
You have supernaturally acute eyesight. (SInv)
You are clumsy. (Dex -2)
You cover ground quickly. (Speed+)
Your thick and shaggy fur keeps you warm. (AC +3, rC+)
You sometimes lose the ability to read scrolls when taking damage.
You cannot study or use magical devices.
You are hated by all.
You cannot study or cast Poison magic.
You cannot study or cast Translocations magic.
You cannot study or cast Transmutations magic.
Your paws help you pounce on unaware monsters.
You are incapable of wielding weapons or throwing items.
You cannot wear armour.
You gain extra lives every three experience levels.


Message History

The troll claws you but does no damage. The troll misses you.
Unknown command.
Casting: Hailstorm (dangerous; 1% risk of failure)
Confirm with . or Enter, or press ? or * to list all spells.
Casting: Frozen Ramparts (safe; 1% risk of failure)
Press: ? - help, Dir - look around, f - activate The walls around you are covered in ice.
The wall freezes the orc knight.
The orc knight barely misses you.
The wall freezes the troll.
The troll bites you. The troll misses you. The troll closely misses you.
Casting: Frozen Ramparts (safe; 1% risk of failure)
Confirm with . or Enter, or press ? or * to list all spells.
Casting: Hailstorm (dangerous; 1% risk of failure)
Press: ? - help, Dir - look around, f - activate A cannonade of hail descends around you!
The hail pelts the orc knight!!
The orc knight is almost dead.
The wall freezes the orc knight.
The orc knight hits you from afar with a +3 halberd!
* * * LOW HITPOINT WARNING * * *
You focus your inner power and blind the orc knight in retribution!
The wall freezes the troll.
The troll completely misses you. The troll claws you.
* * * LOW HITPOINT WARNING * * *
The troll claws you but does no damage.
Unknown command.
Okay, then.
You closely miss the troll.
The troll is heavily wounded.
The wall freezes the orc knight!
You kill the orc knight!
The wall freezes the troll.
The troll completely misses you. x2
The troll barely misses you.
Unknown command.
Unknown command.
You claw the troll!
The troll is almost dead.
The wall freezes the troll.
The troll closely misses you. The troll completely misses you.
The troll claws you.
You die...

#. .# ### . #. '#######.#
..8 .## ..#...........#
.._#......#...........##
####......#............##
...............##.......##
..#.#.........#.#........##
.............#..@#........#
................#T..)......
.................)......#.
...................)...##
#.......#..#..........##
........#####.......###
##...#..# #....##.#
###.#### ##...#### #..#
##..#


You could see a troll.

Vanquished Creatures
  An orc warlord (Orc:2)
  2 boulder beetles
  7 hydras
  Fannar (D:10)
  Erolcha (D:11)
  A catoblepas (Lair:5)
  The ghost of vineage the Fighter, a journeyman GrFi of Okawaru (D:9)
  A centaur warrior (D:9)
  Erica (D:9)
  2 two-headed ogres
  A tengu warrior (D:9)
  8 death yaks
  An orc high priest (Orc:2)
  Urug (Lair:6)
  Pikel (D:9)
  5 orc knights
  An ugly thing (Volcano)
  A wolf spider (Lair:6)
  3 orc sorcerers
  A cyclops (D:11)
  17 elephants
  A guardian serpent (Lair:6)
  8 black mambas
  A gargoyle (D:11)
  15 cane toads
  Maggie (Lair:2)
  A smoke demon (Volcano)
  2 rime drakes
  5 komodo dragons
  An unseen horror (D:11)
  A tengu conjurer (D:9)
  2 red devils (Volcano)
  4 trolls
  A jumping spider (Lair:3)
  5 hornets
  Prince Ribbit (D:9)
  The ghost of whitenoisemaker the Chopper, an amateur DsGl (D:3)
  8 blink frogs
  A polar bear (Lair:3)
  A shadow (D:9)
  A wraith (D:10)
  5 redbacks
  49 yaks
  A vampire (D:10)
  17 wyverns
  4 basilisks
  2 vampire mosquitoes (D:9)
  A steam dragon (D:8)
  5 wargs
  An acid dragon (D:11)
  2 swamp worms (Lair:3)
  33 water moccasins
  A hell hound (Volcano)
  33 orc warriors
  3 sky beasts
  2 hornet zombies
  An ice beast (D:6)
  4 black bears
  10 wolves
  3 necrophages
  11 ogres
  4 centaurs
  2 lemures (D:9)
  6 kobold brigands
  4 phantoms
  2 scorpions
  2 gnoll sergeants
  16 bullfrogs
  4 wyvern zombies
  3 water moccasin zombies
  A wyvern skeleton (D:7)
  3 wights (D:8)
  2 howler monkeys
  4 centaur zombies
  4 bullfrog zombies
  3 hounds
  2 gnoll shamans
  6 jellies
  A centaur skeleton (D:3)
  23 orc priests
  3 iguanas
  22 orc wizards
  4 killer bee zombies
  2 howler monkey zombies (D:7)
  17 gnolls
  A howler monkey skeleton (D:4)
  5 river rats
  19 adders
  A shadow imp (D:6)
  An ufetubus (D:6)
  5 worms
  4 dart slugs
  101 orcs
  12 ball pythons
  6 bats
  11 endoplasms
  3 giant cockroaches
  2 goblins (D:4)
  8 hobgoblins
  3 jackals (D:3)
  3 frilled lizards
  18 kobolds
  10 rats
660 creatures vanquished.

Vanquished Creatures (others)
  An orc knight (Orc:1)
  A troll (Orc:1)
  A polar bear (Lair:5)
  A yak (D:11)
  A wyvern (Lair:4)
  An orc warrior (Orc:2)
  2 orcs
  131 fungi
  200 plants
339 creatures vanquished.

Grand Total: 999 creatures vanquished

Notes
Turn   | Place    | Note
-------+----------+-------------------------------------------
     0 | D:1      | tilp the Felid Ice Elementalist began the quest for the
                  | Orb.
     0 | D:1      | Reached XP level 1. HP: 7/7 MP: 4/4
   106 | D:1      | Reached skill level 1 in Unarmed Combat
   178 | D:1      | Reached XP level 2. HP: 11/11 MP: 4/6
   683 | D:2      | Found a faded altar of an unknown god.
   917 | D:2      | Reached XP level 3. HP: 14/14 MP: 5/7
   969 | D:1      | Learned a level 3 spell: Frozen Ramparts
  1173 | D:2      | Found a shadowy altar of Dithmenos.
  1262 | D:2      | Found Goirpheav's Distillery.
  1270 | D:2      | Bought a potion of curing for 39 gold pieces
  1520 | D:2      | Reached XP level 4. HP: 13/18 MP: 3/8
  1736 | D:2      | Learned a level 3 spell: Ozocubu's Armour
  2574 | D:3      | Found a runed translucent gate.
  2576 | D:3      | Found a runed translucent gate.
  2577 | D:3      | Found a runed translucent gate.
  2579 | D:3      | Noticed whitenoisemaker's ghost (amateur DsGl)
  3006 | D:2      | Bought a potion of might for 52 gold pieces
  3006 | D:2      | Bought a potion of degeneration for 13 gold pieces
  3065 | D:4      | Reached XP level 5. HP: 16/21 MP: 6/10
  3188 | D:4      | Found a large runed translucent door.
  3189 | D:4      | Found a large runed translucent door.
  3225 | D:4      | Reached skill level 5 in Ice Magic
  3270 | D:4      | Found a large runed translucent door.
  3278 | D:4      | Found a large runed translucent door.
  3300 | D:4      | Noticed a sky beast
  3337 | D:4      | Found a glowing drain.
  3441 | Sewer    | Entered a sewer
  3731 | Sewer    | Gained mutation: You are covered in thick fur. (AC +2)
                  | [Felid growth]
  3731 | Sewer    | Reached XP level 6. HP: 18/24 MP: 0/12
  4409 | D:4      | Noticed an orc warrior
  4416 | D:4      | Killed a sky beast
  4545 | D:4      | Reached skill level 1 in Fighting
  4545 | D:4      | Reached XP level 7. HP: 26/28 MP: 5/14
  5406 | D:5      | Entered Level 5 of the Dungeon
  5455 | D:5      | Reached skill level 5 in Stealth
  5455 | D:5      | Reached skill level 1 in Evocations
  5530 | D:5      | Found a blossoming altar of Fedhas.
  5565 | D:5      | Found a staircase to the Ecumenical Temple.
  5570 | D:5      | Found a sparkling altar of Nemelex Xobeh.
  5614 | D:5      | Reached XP level 8. HP: 33/33 MP: 6/15
  5647 | Temple   | Entered the Ecumenical Temple
  5990 | D:5      | Found a sacrificial altar of Ru.
  6028 | D:5      | Became a worshipper of Ru the Awakened
  6428 | D:5      | Learned a level 4 spell: Hailstorm
  6431 | D:5      | Learned a level 2 spell: Searing Ray
  6921 | D:2      | Bought a potion of attraction for 39 gold pieces
  6921 | D:2      | Bought a potion of lignification for 39 gold pieces
  6921 | D:2      | Bought a potion of flight for 39 gold pieces
  7138 | D:6      | Reached skill level 1 in Conjurations
  7299 | D:6      | Found an ornate altar of the Wu Jian Council.
  7502 | D:6      | Found a glowing silver altar of Zin.
  7517 | D:6      | Found a shimmering altar of Xom.
  7520 | D:6      | Found an ancient bone altar of Kikubaaqudgha.
  7523 | D:6      | Found an opulent altar of Gozag.
  7744 | D:6      | Found a snail-covered altar of Cheibriados.
  7826 | D:6      | Found a burning altar of Makhleb.
  7928 | D:6      | Reached XP level 9. HP: 14/36 MP: 7/17
  8416 | D:6      | Reached skill level 5 in Spellcasting
  8833 | D:6      | Found a glowing golden altar of the Shining One.
  8928 | D:7      | Gained mutation: You cannot study or use magical devices.
                  | [Ru sacrifice]
  8928 | D:7      | Reached * piety under Ru
  8928 | D:7      | Reached ** piety under Ru
  9497 | D:7      | Found a bloodstained altar of Trog.
  9552 | D:7      | Reached skill level 5 in Conjurations
  9741 | D:7      | Found a basalt altar of Yredelemnul.
  9851 | D:7      | Found Lusuceg's Book Boutique.
 10539 | D:8      | Reached XP level 10. HP: 40/40 MP: 16/20
 10871 | D:8      | Found Ochiyg's Armour Shop.
 11242 | D:8      | Identified the +1 short sword of Voguk {flame, *Rage rF+
                  | rN++ Dex+4}
 11374 | D:9      | Gained mutation: You cannot study or cast Poison magic. [Ru
                  | sacrifice]
 11374 | D:9      | Gained mutation: You cannot study or cast Transmutations
                  | magic. [Ru sacrifice]
 11374 | D:9      | Gained mutation: You cannot study or cast Translocations
                  | magic. [Ru sacrifice]
 11374 | D:9      | Reached *** piety under Ru
 11396 | D:9      | Noticed a centaur warrior
 11416 | D:9      | Shot with an arrow by a centaur
 11417 | D:9      | Reached XP level 9. HP: 0/36 MP: 19/19
 11539 | D:9      | Found a basalt altar of Yredelemnul.
 11656 | D:9      | Noticed a tengu warrior
 11680 | D:9      | Killed a tengu warrior
 11834 | D:9      | Killed a centaur warrior
 11835 | D:9      | Reached skill level 5 in Dodging
 11835 | D:9      | Reached skill level 5 in Unarmed Combat
 11835 | D:9      | Reached XP level 10. HP: 26/42 MP: 11/20
 11971 | D:9      | Noticed Pikel
 11982 | D:9      | Killed Pikel
 12106 | D:9      | Found a runed translucent door.
 12106 | D:9      | Noticed vineage's ghost (journeyman GrFi)
 12173 | D:9      | Noticed Prince Ribbit
 12180 | D:9      | Killed Prince Ribbit
 12197 | D:9      | Noticed Erica
 12203 | D:9      | Killed Erica
 12461 | D:9      | You fall into a shaft and drop 1 floor!
 12461 | D:10     | Entered Level 10 of the Dungeon
 12461 | D:10     | Noticed a two-headed ogre
 12470 | D:10     | Identified a scroll of acquirement
 12470 | D:10     | Acquired 1043 gold pieces
 12854 | D:10     | Found a staircase to the Orcish Mines.
 13010 | D:10     | Noticed Fannar
 13038 | D:10     | Killed a two-headed ogre
 13095 | D:10     | Killed Fannar
 13096 | D:10     | Reached XP level 11. HP: 42/46 MP: 6/21
 13205 | D:10     | Found a staircase to the Lair.
 14121 | D:11     | Noticed a four-headed hydra
 14130 | D:11     | Killed a four-headed hydra
 14137 | D:11     | Noticed a four-headed hydra
 14145 | D:11     | Killed a four-headed hydra
 14146 | D:11     | Reached skill level 10 in Conjurations
 14146 | D:11     | Reached skill level 10 in Ice Magic
 14352 | D:11     | Gained mutation: You sometimes lose the ability to read
                  | scrolls when taking damage. [Ru sacrifice]
 14352 | D:11     | Reached **** piety under Ru
 14352 | D:11     | Reached ***** piety under Ru
 14438 | D:11     | Acquired 997 gold pieces
 14990 | D:11     | Noticed a two-headed ogre
 15000 | D:11     | Killed a two-headed ogre
 15087 | D:11     | Noticed Erolcha
 15103 | D:11     | Killed Erolcha
 15546 | Lair:1   | Entered Level 1 of the Lair of Beasts
 15575 | Lair:1   | Reached skill level 5 in Fighting
 15575 | Lair:1   | Gained mutation: Your thick and shaggy fur keeps you warm.
                  | (AC +3, rC+) [Felid growth]
 15575 | Lair:1   | Reached XP level 12. HP: 51/51 MP: 9/22
 15722 | Lair:1   | Noticed a four-headed hydra
 15727 | Lair:1   | Killed a four-headed hydra
 15926 | Lair:1   | Reached skill level 10 in Stealth
 16654 | Lair:1   | Gained mutation: You are clumsy. (Dex -2) [Ru sacrifice]
 16971 | D:3      | Killed whitenoisemaker's ghost
 17369 | Lair:2   | Got the Papyrus of Igneous Dark Secrets
 17769 | Lair:2   | Got the Grimoire of Creative Poison
 17913 | Lair:2   | Noticed Maggie
 18437 | Lair:2   | Killed Maggie
 18504 | Lair:3   | Found a hole to the Spider Nest.
 19089 | Lair:3   | Reached XP level 13. HP: 55/55 MP: 14/25
 19116 | Lair:3   | HP: 2/55 [boulder beetle (13)]
 19293 | Lair:3   | Found a staircase to the Swamp.
 19305 | Lair:3   | Gained mutation: You are hated by all. [Ru sacrifice]
 19883 | Lair:4   | Identified the amulet "Niobboz" {RegenMP rF+}
 20426 | Lair:4   | You fall into a shaft and drop 2 floors!
 20426 | Lair:6   | Entered Level 6 of the Lair of Beasts
 20496 | Lair:5   | Found a dark tunnel.
 20633 | Volcano  | Entered a volcano
 21638 | D:7      | Bought a book of Iron for 360 gold pieces
 21638 | D:7      | Bought the Unrestrained Analects for 440 gold pieces
 21645 | D:7      | Learned a level 6 spell: Iron Shot
 21653 | D:7      | Learned a level 7 spell: Ozocubu's Refrigeration
 22228 | Lair:5   | Reached skill level 1 in Earth Magic
 22708 | Lair:5   | Found a runed translucent door.
 22934 | Lair:5   | Found a staircase to the Slime Pits.
 22991 | Lair:5   | Reached skill level 5 in Earth Magic
 23756 | D:9      | Killed vineage's ghost
 24140 | Orc:1    | Entered Level 1 of the Orcish Mines
 24323 | Orc:1    | Killed from afar by an orc priest
 24324 | Orc:1    | Reached XP level 12. HP: -2/49 MP: 18/25
 24537 | Lair:6   | Noticed a death yak
 24562 | Lair:5   | Killed a death yak
 24935 | Lair:6   | Reached XP level 13. HP: 42/55 MP: 15/26
 26681 | Lair:6   | Noticed Urug
 26689 | Lair:6   | Reached skill level 10 in Dodging
 26694 | Lair:6   | Killed Urug
 27949 | Orc:2    | Entered Level 2 of the Orcish Mines
 27949 | Orc:2    | Found a staircase to the Elven Halls.
 28345 | Orc:1    | Reached skill level 10 in Unarmed Combat
 29133 | Orc:1    | Mangled by an orc knight
 29134 | Orc:1    | Reached XP level 12. HP: -7/55 MP: 24/25
 29203 | Orc:2    | Noticed an orc warlord
 29210 | Orc:2    | Noticed an orc high priest
 29214 | Orc:2    | Killed an orc warlord
 29215 | Orc:2    | Reached XP level 13. HP: 42/53 MP: 3/26
 30456 | Orc:2    | Found Yteifu's Antique Weapon Shoppe.
 30458 | Orc:2    | Found Uxzor's Antique Armour Emporium.
 31153 | Orc:2    | Found Uliffola's Jewellery Shop.
 31471 | Orc:2    | Slain by a troll

Illustrated notes

Levels and vault maps discovered:
D:1:      pf_arrival_petrified_forest, layout_rooms, minivault_24, st_stairs_4
D:2:      layout_basic, basic_altar, serial_shops, shop,
          shapermc_ecumenical_altar_starsandcircs,
          hangedman_abyss_or_decor_lesser_grid, minmay_small_reverse_x
D:3:      layout_basic, gammafunk_ghost_necromancy
D:4:      layout_loops_ring, portal_sewer_entry_b, minmay_hollow_rounded_squares
D:5:      layout_loops_ring, mainiacjoe_overflow_catch_the_wave,
          nicolae_ru_the_path_less_chosen, minmay_temple_entry_grid,
          serial_bayou_pond_c
D:6:      layout_rooms, grunt_temple_overflow_cloverleaf,
          nzn_wu_jian_council_hall, makhleb_heckhound_becter, tso_altar,
          slow_altar_1, minmay_starry_boxes
D:7:      wander_river, layout_basic, mainiacjoe_overflow_surrounded_room,
          nicolae_yredelemnul_corpse_copse, serial_shops, shop
D:8:      layout_loops_ring, serial_shops, nicolae_shop_window_shopping
D:9:      layout_loops_cross, ebering_ghost_inner_flame, minmay_ruined_shrine,
          uniq_prince_ribbit1, uniq_erica, uniq_pikel
D:10:     layout_basic, due_lair_maze_entry_diamond, hiddenorc2_lemuel,
          serial_bayou_pond_c, uniq_fannar
D:11:     layout_stronghold, minmay_fractal_squares_5, uniq_erolcha
Temple:   jpeg_temple_island
Lair:1:   minmay_lair_venomous_thicket, layout_loops_ring, lemuel_fruit_fields
Lair:2:   layout_regular_city, lemuel_fruit_tree, uniq_maggie
Lair:3:   layout_loops_ring, minmay_swamp_entry_worms, spider_nest_entry_a
Lair:4:   layout_regular_city, grunt_forest_stairs_basic
Lair:5:   layout_layer_cave, slime_altar_2, enter_volcano_2, grunt_megastairs_2
Lair:6:   hangedman_lair_tendril_chambers, layout_gridlike, ldierk_geyser,
          uniq_urug
Orc:1:    layout_diamond_mine
Orc:2:    grunt_orc_community_town_hall, layout_diamond_mine,
          grunt_orc_community_big_house_2, grunt_orc_community_big_house_2,
          grunt_orc_community_house_3, grunt_orc_community_house_1,
          grunt_orc_community_house_1, grunt_orc_community_house_2

Skill      XL: |  1  2  3  4  5  6  7  8  9 10 11 12 13 |
---------------+----------------------------------------+-----
Unarmed Combat | 1 2 4 5 6 7 8 10 | 10.0
Ice Magic      | 4 5 6 7 8 9 10 12 | 12.4
Spellcasting   | 3 4 6 7 8 |  8.0
Dodging        | 3 4 5 6 7 8 10 | 10.0
Stealth        | 3 5 6 7 8 9 10 | 10.0
Fighting       | 1 2 3 4 5 6 8 |  8.0
Evocations     | 2 4 0 |  0.0
Conjurations   | 3 8 9 10 12 | 12.3
Earth Magic    | 6 |  6.8

Action                   |  1- 3 |  4- 6 |  7- 9 | 10-12 | 13-15 || total
-------------------------+-------+-------+-------+-------+-------++-------
Melee: Unarmed           |    20 |    21 |   128 |   183 |   416 ||   768
       Bite              |     1 |       |    13 |    16 |    35 ||    65
       Punch             |       |       |     3 |     6 |    13 ||    22
 Cast: Freeze            |    32 |    47 |    49 |    33 |     3 ||   164
       Frozen Ramparts   |     2 |    21 |    25 |    75 |    76 ||   199
       Ozocubu's Armour  |       |    11 |    39 |    57 |    92 ||   199
       Searing Ray       |       |       |    49 |    70 |    51 ||   170
       Hailstorm         |       |       |     2 |    75 |    97 ||   174
Invok: Draw Out Power    |       |       |     1 |     2 |     2 ||     5
       Sacrifice Artific |       |       |     1 |       |       ||     1
       Sacrifice Arcana  |       |       |       |     1 |       ||     1
       Power Leap        |       |       |       |     2 |     6 ||     8
       Sacrifice Words   |       |       |       |     1 |       ||     1
       Apocalypse        |       |       |       |     1 |     7 ||     8
       Sacrifice Purity  |       |       |       |     1 |       ||     1
       Sacrifice Love    |       |       |       |       |     1 ||     1
       Reject Sacrifices |       |       |       |       |     1 ||     1
  Use: Scroll            |     2 |     5 |     6 |    11 |     6 ||    30
       Potion            |       |       |       |     2 |     4 ||     6
 Stab: Sleeping          |     9 |     4 |    15 |    13 |    10 ||    51
       Distracted        |       |       |       |     4 |     2 ||     6
       Paralysed         |       |       |       |       |    15 ||    15
Armor: Skin              |     6 |     8 |    75 |    62 |   109 ||   260
Dodge: Dodged            |    27 |    51 |   219 |   261 |   488 ||  1046

Table legend: (Time is in decaauts)
 A = Elapsed time spent in this place.
 B = Non-inter-level travel time spent in this place.
 C = Inter-level travel time spent in this place.
 D = Time resting spent in this place.
 E = Time spent auto-exploring this place.
 F = Levels seen in this place.
 G = Mean time per level.
                   A        B        C        D        E       F      G
               +--------+--------+--------+--------+--------+-----+--------+
         Total |  28391 |  26714 |   1677 |   6124 |  15720 |  22 | 1290.5 |
       Dungeon |  13984 |  13036 |    948 |   2242 |   8361 |  11 | 1271.3 |
        Temple |    300 |    295 |      5 |      0 |    292 |   1 |  300.0 |
          Lair |   9529 |   8910 |    619 |   2545 |   4832 |   6 | 1588.2 |
  Orcish Mines |   3543 |   3439 |    104 |   1205 |   1583 |   2 | 1771.5 |
         Sewer |    865 |    865 |      0 |     75 |    651 |   1 |  865.0 |
       Volcano |    166 |    166 |      0 |     56 |      0 |   1 |  166.0 |
               +--------+--------+--------+--------+--------+-----+--------+

Top non-repeatable levels by time:
  Lair:5: 2711 daAuts
  Lair:6: 2158 daAuts
   Orc:2: 1973 daAuts
     D:9: 1749 daAuts
     D:6: 1674 daAuts
   Orc:1: 1570 daAuts
     D:4: 1531 daAuts
    D:10: 1412 daAuts
     D:7: 1410 daAuts
     D:2: 1320 daAuts
    D:11: 1294 daAuts
  Lair:4: 1240 daAuts
  Lair:3: 1196 daAuts
  Lair:1: 1140 daAuts
  Lair:2: 1082 daAuts
